 Dungeon Crawl Stone Soup version 0.26-b1-32-g5d43845318 (webtiles) character file.

Game seed: 14258349848871440638

964 HoaS the Grappler (level 8, -1/61 HPs)
             Began as a Ghoul Gladiator on Jan 7, 2021.
             Slain by an orc priest
             ... wielding a +0 dagger
              (2 damage)
             ... on level 6 of the Dungeon.
             The game lasted 00:07:06 (4391 turns).

HoaS the Grappler (Ghoul Gladiator)                 Turns: 4391, Time: 00:07:06

Health: -1/61      AC: 13    Str: 19    XL:     8   Next: 15%
Magic:  7/7        EV:  8    Int:  3    God:
Gold:   245        SH:  0    Dex: 11    Spells: 7/7 levels left

rFire    . . .     SeeInvis .     - Unarmed
rCold    + . .     Faith    .   (no shield)
rNeg     + + +     Spirit   .   n - +0 chain mail (curse)
rPois    ∞         Reflect  .   b - +1 helmet
rElec    .         Harm     .   (no cloak)
rCorr    .         Rampage  .   (no gloves)
Will     .....                  m - +2 pair of boots
Stlth    ..........             (no amulet)
HPRegen  0.00/turn              j - ring of stealth
MPRegen  0.10/turn              (no ring)

@: about to teleport
A: claws 1, cold resistance 1, negative energy resistance 3, inhibited
regeneration, torment resistance, unbreathing
a: no special abilities


You were on level 6 of the Dungeon.
You visited 1 branch of the dungeon, and saw 6 of its levels.

You collected 245 gold pieces.

Inventory:

Missiles
 c - 5 throwing nets (quivered)
Armour
 b - a +1 helmet (worn)
 m - a +2 pair of boots (worn)
 n - a cursed +0 chain mail (worn)
Jewellery
 a - an uncursed ring of see invisible {unknown}
 j - a ring of stealth (left claw)
Wands
 f - a wand of iceblast (11)
 l - a wand of enslavement (6)
 o - a wand of random effects (20)
Scrolls
 p - 3 scrolls of identify
 q - a scroll of enchant armour
Potions
 d - a potion of flight {unknown}
 g - a potion of curing {unknown}
 i - 3 potions of haste {unknown}
 k - a potion of ambrosia {unknown}


   Skills:
 - Level 2.1 Fighting
 - Level 1.7 Throwing
 - Level 2.6 Dodging
 + Level 10.4 Unarmed Combat


You had 7 spell levels left.
You didn't know any spells.
Your spell library was empty.

Dungeon Overview and Level Annotations

Branches:
Dungeon (6/15)
 Temple: D:4-7

Altars:
Nemelex Xobeh
Okawaru
Sif Muna


Innate Abilities, Weirdness & Mutations

You thrive by killing the living.
You are immune to poison.
You have sharp fingernails.
Your flesh is cold resistant. (rC+)
You are immune to negative energy. (rN+++)
You do not regenerate when monsters are visible.
You are immune to unholy pain and torment.
You can survive without breathing.


Message History

The orc priest is lightly wounded.
The jelly hits you but does no damage.
The orc priest looks encouraged for a moment.
The orc warrior hits you but does no damage.
The orc barely misses you.
As you read the scroll of teleportation, it crumbles to dust.
You feel strangely unstable.
The orc priest hits you but does no damage.
The jelly hits you but does no damage.
The orc priest hits you with a +0 dagger.
* * * LOW HITPOINT WARNING * * *
The orc warrior hits you but does no damage.
The orc closely misses you.
It was a potion of magic.
Magic courses through your body.
The orc priest hits you but does no damage.
The jelly barely misses you. The orc priest closely misses you.
The orc barely misses you.
The orc warrior hits you but does no damage.
The orc priest hits you with a +0 dagger.
You die...

#.#######(. .. #.#
#...... #.# #..##.#
#.# #..##.# #+## #.#
#.[##.# .... #.#
#..##.###..#
#.######..........#
#...........oo...####
########....@oo......
#.....J.######
##..###.# #...... .#
#.#(.##### #.#..# #
#..#


You could see an orc warrior, a jelly, 2 orc priests and an orc.

Vanquished Creatures
  An ogre (D:3)
  A centaur (D:5)
  3 bullfrogs
  2 howler monkeys
  A quasit (D:5)
  4 orc priests
  2 bullfrog skeletons
  A jelly (D:5)
  An orc wizard (D:5)
  2 iguanas
  A worker ant (D:3)
  A hound skeleton (D:4)
  A gnoll (D:1)
  5 adders
  A shadow imp (D:5)
  A white imp (D:5)
  2 adder skeletons
  4 worms
  4 dart slugs
  4 leopard geckos
  10 orcs
  8 bats
  A giant cockroach (D:3)
  4 goblins
  8 hobgoblins
  6 jackals
  A quokka (D:3)
  A ball python (D:3)
  5 frilled lizards
  A jackal zombie (D:5)
  8 kobolds
  7 rats
102 creatures vanquished.

Notes
Turn   | Place    | Note
-------+----------+-------------------------------------------
     0 | D:1      | HoaS the Ghoul Gladiator began the quest for the Orb.
     0 | D:1      | Reached XP level 1. HP: 17/17 MP: 0/0
   314 | D:1      | Reached XP level 2. HP: 24/24 MP: 1/1
   340 | D:1      | Reached skill level 4 in Unarmed Combat
   529 | D:1      | Reached XP level 3. HP: 29/29 MP: 2/2
  1213 | D:2      | Reached skill level 5 in Unarmed Combat
  1375 | D:2      | Reached XP level 4. HP: 31/36 MP: 3/3
  1579 | D:2      | Found a shimmering blue altar of Sif Muna.
  1579 | D:2      | Found an iron altar of Okawaru.
  1639 | D:2      | Found a sparkling altar of Nemelex Xobeh.
  2121 | D:3      | Reached skill level 6 in Unarmed Combat
  2240 | D:4      | Reached XP level 5. HP: 41/41 MP: 4/4
  2275 | D:4      | Reached skill level 7 in Unarmed Combat
  2287 | D:4      | Reached XP level 6. HP: 32/48 MP: 5/5
  2600 | D:4      | Reached skill level 8 in Unarmed Combat
  2683 | D:3      | Reached XP level 7. HP: 18/55 MP: 6/6
  3488 | D:5      | Entered Level 5 of the Dungeon
  3526 | D:5      | Reached skill level 9 in Unarmed Combat
  3605 | D:5      | Reached skill level 10 in Unarmed Combat
  4057 | D:5      | Reached XP level 8. HP: 57/61 MP: 7/7
  4389 | D:6      | HP: 1/61 [orc priest/+0 dagger (3)]
  4391 | D:6      | Slain by an orc priest

Illustrated notes

Levels and vault maps discovered:
D:1:      scummos_arrival_simple_crosswalls, layout_basic
D:2:      layout_loops_ring, marbit_many_paths, gammafunk_temple_overflow_wave
D:3:      minmay_door_path, layout_basic
D:4:      layout_rooms, serial_glass, glass_columns_c, glass_columns_a
D:5:      layout_loops_cross, chequers_arboretum
D:6:      layout_loops_ring, lemuel_coloured_pillars_altar,
          general_overflow_altar, grunt_temple_overflow_lords_of_destruction,
          roderic_serpentine_path

Skill      XL: |  1  2  3  4  5  6  7 |
---------------+----------------------+-----
Unarmed Combat | 4 5 6 7 8 10 | 10.4
Fighting       | |  2.1
Throwing       | |  1.7
Dodging        | |  2.6

Action                   |  1- 3 |  4- 6 |  7- 9 || total
-------------------------+-------+-------+-------++-------
Melee: Unarmed           |    91 |   121 |   123 ||   335
       Punch             |     1 |       |     2 ||     3
Throw: Throwing net      |       |     1 |       ||     1
  Use: Scroll            |     2 |     4 |     2 ||     8
       Potion            |       |       |     2 ||     2
 Stab: Sleeping          |       |     1 |       ||     1
       Distracted        |       |     1 |       ||     1
       Held in net/web   |       |     1 |       ||     1
Armor: Leather armour    |    32 |    24 |     2 ||    58
       Chain mail        |       |       |   106 ||   106
Dodge: Dodged            |    55 |    53 |    70 ||   178
